 Dungeon Crawl Stone Soup version 0.29.1-15-g9cfb28693d (webtiles) character file.

Game seed: 16902037184446167417

36 protoss039 the Digger (level 3, 16/26 HPs)
             Began as a Demonspawn Earth Elementalist on Mar 21, 2023.
             Got out of the dungeon alive.
             The game lasted 00:01:00 (1262 turns).

protoss039 the Digger (DsEE)                        Turns: 1262, Time: 00:01:01

Health: 16/26      AC:  3    Str:  8    XL:     3   Next: 19%
Magic:  6/6        EV: 11    Int: 18    God:
Gold:   80         SH:  0    Dex: 13    Spells: 4/7 levels left

rFire   . . .      SeeInvis +   g - +0 dagger
rCold   . . .      Faith    .   (no shield)
rNeg    . . .      Spirit   .   j - +0 leather armour
rPois   .          Reflect  .   (no helmet)
rElec   .          Harm     .   (no cloak)
rCorr   .          Rampage  .   (no gloves)
Will    .....                   (no boots)
Stlth   ++........              (no amulet)
HPRegen 0.08/turn               c - ring of see invisible
MPRegen 0.10/turn               (no ring)

@: no status effects
A: foul stench 1, powered by pain 1
a: no special abilities


You escaped.
You visited 1 branch of the dungeon, and saw 2 of its levels.

You collected 80 gold pieces.

Inventory:

Hand Weapons
 g - a +0 dagger (weapon)
Armour
 j - a +0 leather armour (worn)
Jewellery
 c - a ring of see invisible (left hand)
Scrolls
 e - a scroll of poison {unknown}
 f - 3 scrolls of teleportation {unknown}
Potions
 a - a potion of berserk rage {unknown}
 b - a potion of magic
 d - a potion of lignification {unknown}
 h - 2 potions of heal wounds {unknown}
 i - a potion of ambrosia {unknown}


   Skills:
 + Level 1.4 Fighting
 - Level 1.7 Dodging
 - Level 1.7 Stealth
 + Level 2.5 Spellcasting
 - Level 0.8 Transmutations
 + Level 3.1 Earth Magic


You had 4 spell levels left.
You knew the following spells:

 Your Spells              Type           Power      Damage    Failure   Level
a - Sandblast             Erth           26%        2d8       7%          1
b - Passwall              Tmut/Erth      7%         N/A       17%         2

Your spell library contained the following spells:

 Spells                   Type           Power      Damage    Failure   Level
 Stone Arrow              Conj/Erth      16%        3d8       36%         3
 Petrify                  Tmut/Erth      9%         N/A       73%         4


Dungeon Overview and Level Annotations

Branches:
Dungeon (2/15) Zot: 10723

Altars:


Innate Abilities, Weirdness & Mutations

You may rarely emit foul miasma when damaged in melee.
You sometimes gain a little power by taking damage.


Message History

Casting: Sandblast (safe; 8% risk of failure)
Confirm with . or Enter, or press ? or * to list all spells.
Aiming: Sandblast (safe; 8% risk of failure)
Press: ? - help, Shift-Dir - straight line, f - adder
Aim: an adder (70% to hit)
The blast of sand hits the adder!
The adder is almost dead.
You feel sick. The adder closely misses you. The adder bites you.
You are more poisoned.
The adder poisons you!
Casting: Sandblast (safe; 8% risk of failure)
Confirm with . or Enter, or press ? or * to list all spells.
Aiming: Sandblast (safe; 8% risk of failure)
Press: ? - help, Shift-Dir - straight line, f/p - adder
Aim: an adder (almost dead, 70% to hit)
The blast of sand hits the adder!
You kill the adder!
You feel very sick.
You have reached level 3!
Your experience leads to an increase in your attributes!
Increase (S)trength, (I)ntelligence, or (D)exterity?
You feel clever. x2; Your demonic ancestry asserts itself...
You begin to emit a foul stench of rot and decay.
Unknown command.
You start resting.
You feel sick. x6
You are no longer poisoned.
You start resting.
Magic restored.
Found a scroll labelled JENIMO ICASE.
You see here an adder corpse.
You see here a +0 robe.
There is a stone staircase leading up here.
You climb upwards.
There is a stone staircase leading down here.
Unknown command.
You open the door.
There is an open door here.
There is a staircase leading out of the dungeon here.
Are you sure you want to leave the Dungeon?
This will make you lose the game!
You have escaped!

##.##.###..# ##########...#...##
###.##......# #♣.## #♣.........#
..#.###########♣.#.###≈..........
..#..## ♣♣...........♣##.......
..##..#####~...........♣ #.>.....
..###...##~#..#######..###......#
..# ###.###♣..#...P.#..#♣..#...##
..# #.##♣...#.....#...##..####
..# #..♣.♣..#.@...#..#.##....##
..# ##.#....#.....'...♣♣####..#
..## #..♣#..#.....#..♣♣ ##.# ...#
#####..##'####..♣ ######.. .#.##
♣...........#♣#......# .#..#
#............##....... .##.##
#♣♣###.#.♣♣♣♣#.........
.##..######.# ##.## #..........
.#..........### #######..........


There were no monsters in sight!

Vanquished Creatures
  An adder (D:2)
  A worm (D:2)
  3 dart slugs
  3 endoplasms (D:1)
  A giant cockroach (D:2)
  A goblin (D:2)
  2 kobolds
  2 ball pythons (D:2)
  3 bats
  A frilled lizard (D:1)
18 creatures vanquished.

Notes
Turn   | Place    | Note
-------+----------+-------------------------------------------
     0 | D:1      | protoss039 the Demonspawn Earth Elementalist began the
                  | quest for the Orb.
     0 | D:1      | Reached XP level 1. HP: 13/13 MP: 3/3
   250 | D:1      | Gained mutation: You sometimes gain a little power by
                  | taking damage. [demonic ancestry]
   250 | D:1      | Reached XP level 2. HP: 20/20 MP: 0/5
   747 | D:1      | Learned a level 2 spell: Passwall
   786 | D:2      | Reached skill level 1 in Fighting
   786 | D:2      | Reached skill level 3 in Earth Magic
  1159 | D:2      | Gained mutation: You may rarely emit foul miasma when
                  | damaged in melee. [demonic ancestry]
  1159 | D:2      | Reached XP level 3. HP: 15/26 MP: 1/6
  1262 | D:$      | Got out of the dungeon alive.

Illustrated notes

Levels and vault maps discovered:
D:1:      saegor_arrival_under_anarchy, layout_rooms, minivault_27
D:2:      layout_basic, dreamdust_ecumenical_altar_angels_and_demons,
          uniq_terence

Skill      XL: |  1  2 |
---------------+-------+-----
Fighting       | 1 |  1.4
Earth Magic    | 3 |  3.1
Dodging        | |  1.7
Stealth        | |  1.7
Spellcasting   | |  2.5
Transmutations | |  0.8

Action                   || total
-------------------------++-------
Melee: Unarmed           ||     1
 Cast: Sandblast         ||    26
Armor: Leather armour    ||     1
Dodge: Dodged            ||     8
